 Dungeon Crawl Stone Soup version 0.22-a0-265-g0d8bc90 (webtiles) character file.

5483 RoseArtemis the Basher (level 10, -2/93 HPs)
             Began as a Minotaur Fighter on Mar 7, 2018.
             Was a Believer of Yredelemnul.
             Killed from afar by an efreet (22 damage)
             ... with a bolt of fire
             ... on level 8 of the Dungeon.
             The game lasted 00:28:38 (10247 turns).

RoseArtemis the Basher (Minotaur Fighter)          Turns: 10247, Time: 00:28:38

Health: -2/93      AC: 15    Str: 23    XL:     10   Next: 42%
Magic:  12/12      EV:  6    Int:  5    God:    Yredelemnul [**....]
Gold:   308        SH: 10    Dex: 17    Spells: 9/9 levels left

rFire    . . .     SeeInvis .   r - +1 whip (flame)
rCold    . . .     Gourm    .   c - +0 shield
rNeg     . . .     Faith    .   y - +0 storm dragon scales
rPois    .         Spirit   .   (helmet restricted)
rElec    +         Reflect  .   B - +0 cloak
rCorr    .         Harm     .   (no gloves)
MR       .....                  (no boots)
Stlth    ..........             (no amulet)
HPRegen  0.25/turn              w - +4 ring of dexterity
MPRegen  0.13/turn              C - +2 ring of dexterity

@: no status effects
A: retaliatory headbutt, horns 2
a: Animate Remains, Recall Undead Slaves, Injury Mirror, Renounce Religion


You were on level 8 of the Dungeon.
You worshipped Yredelemnul.
Yredelemnul was pleased with you.
You were not hungry.

You visited 2 branches of the dungeon, and saw 10 of its levels.

You collected 308 gold pieces.

Inventory:

Hand Weapons
 a - a +0 flail
 b - a +1 blowgun
 r - a +1 whip of flaming (weapon)
Missiles
 u - 47 poisoned needles
Armour
 c - a +0 shield (worn)
 m - a +0 scale mail
 y - +0 storm dragon scales (worn)
 B - a +0 cloak (worn)
Jewellery
 s - a +5 ring of evasion {unknown}
 w - a +4 ring of dexterity (left hand)
 C - a +2 ring of dexterity (right hand)
Wands
 k - a wand of acid (19)
 v - a wand of iceblast (10)
 F - a wand of random effects (33)
 H - a wand of paralysis (16)
Scrolls
 d - a scroll of enchant armour {unknown}
 e - a scroll of noise {unknown}
 i - 3 scrolls of magic mapping {unknown}
 j - a scroll of blinking
 l - 5 scrolls of remove curse
 n - 2 scrolls of teleportation
 p - 2 scrolls of amnesia
 q - 4 scrolls of enchant weapon
 t - 2 scrolls of fear
 D - a scroll of vulnerability {unknown}
Potions
 h - a potion of brilliance
 o - 7 potions of curing
 x - a potion of lignification {unknown}
 z - a potion of flight
 A - a potion of invisibility {unknown}
 E - a potion of resistance
Comestibles
 f - 8 rations
 G - 2 chunks of flesh


   Skills:
 + Level 10.0 Fighting
 * Level 13.0 Maces & Flails
 + Level 8.3 Armour
 - Level 3.6 Shields
 + Level 4.5 Invocations


You had 9 spell levels left.
You didn't know any spells.

Dungeon Overview and Level Annotations

Branches:
Dungeon (9/15)             Temple (1/1) D:6
   Lair: D:8-11         Orc: D:9-12

Altars:
Ashenzari
Cheibriados
Dithmenos
Elyvilon
Fedhas
Gozag
Hepliaklqana
Kikubaaqudgha
Makhleb
Nemelex Xobeh
Okawaru
Qazlal
Ru
Sif Muna
Trog
Uskayaw
Vehumet
Wu Jian
Xom
Yredelemnul
Zin
The Shining One

Shops:
D:4 ![}

Annotations:
D:3 exclusion: downstairs


Innate Abilities, Weirdness & Mutations

You reflexively headbutt those who attack you in melee.
You have a pair of horns on your head.


Message History

The fireball engulfs your gnoll zombie.
Your gnoll zombie is destroyed!
The fireball engulfs your gnoll skeleton.
Your gnoll skeleton is destroyed!
You hit the efreet but do no damage. You headbutt the efreet.
The efreet is heavily wounded.
You hit the efreet but do no damage.
The efreet is heavily wounded.
The efreet hits you with a scimitar of flaming.
* * * LOW HITPOINT WARNING * * *
The efreet burns you.
* * * LOW HITPOINT WARNING * * *
You barely miss the efreet.
The efreet is heavily wounded.
You hit the efreet but do no damage.
The efreet is heavily wounded.
The efreet gestures at you. The bolt of fire hits you!
You die...
Your body rises from the dead as a mindless zombie.

#.........###.##.#......#
#................###....##
#
#.........###....#.=.....#
#
#########........#.#.....#
# #...##.##.#.#.....# #
#..###.##.#.#)....# ######
#.).##..#...#.....# .....#
###R.###.###########
.....# #..)@###.# .....#
#####.##|#.Z.# .#####
#.....##.#.##### .######
#........#...Z.# ......#
#.....########.# #####.#
#.....######...#
#....###.....#...##.###
#.###).).....#...##.# ##.#
#.##.....#.(.##.#


You could see an efreet.

Vanquished Creatures
  2 two-headed ogres (D:8)
  Pikel (D:4)
  A hippogriff (D:7)
  Eustachio (D:5)
  Duvessa (D:7)
  3 ice beasts
  4 orc warriors
  2 sky beasts (D:7)
  2 slaves (D:4)
  3 ogres
  A centaur (D:7)
  2 bullfrogs (D:6)
  Dowan (D:7)
  A wyvern skeleton (D:7)
  2 scorpions (D:6)
  3 wights (D:7)
  10 killer bees (D:8)
  A howler monkey (D:6)
  3 crimson imps
  3 jellies
  2 quasits
  3 gnoll shamans (D:8)
  6 orc wizards
  A bullfrog skeleton (D:5)
  2 orc priests
  3 iguanas
  11 worker ants
  A hound skeleton (D:8)
  11 adders
  12 gnolls (D:8)
  A shadow imp (D:7)
  An adder zombie (D:3)
  4 worms
  2 dart slugs
  4 leopard geckos
  23 orcs
  12 bats
  5 giant cockroaches
  2 gnoll zombies (D:5)
  8 goblins
  6 hobgoblins
  10 jackals
  9 kobolds
  4 quokkas
  A ball python (D:3)
  5 frilled lizards
  A quokka skeleton (D:4)
  A quokka zombie (D:7)
  10 rats
208 creatures vanquished.

Vanquished Creatures (collateral kills)
  A crimson imp (D:8)
  A gnoll (D:8)
  A howler monkey skeleton (D:8)
3 creatures vanquished.

Vanquished Creatures (others)
  An orc priest (D:4)
  An ogre zombie (D:7)
  An adder zombie (D:8)
  A gnoll skeleton (D:8)
  2 gnoll zombies (D:8)
  An orc skeleton (D:8)
  An orc zombie (D:8)
  A quokka zombie (D:8)
9 creatures vanquished.

Grand Total: 220 creatures vanquished

Notes
Turn   | Place    | Note
-------+----------+-------------------------------------------
     0 | D:1      | RoseArtemis the Minotaur Fighter began the quest for the Orb.
     0 | D:1      | Reached XP level 1. HP: 19/19 MP: 0/0
     3 | D:1      | Noticed an electric eel
     3 | D:1      | Noticed an electric eel
    97 | D:1      | Reached XP level 2. HP: 20/27 MP: 1/1
    98 | D:1      | Reached skill level 3 in Maces & Flails
   528 | D:1      | Reached XP level 3. HP: 33/33 MP: 2/2
  1206 | D:2      | Found a shadowy altar of Dithmenos.
  1215 | D:2      | Reached skill level 4 in Maces & Flails
  1331 | D:2      | Reached XP level 4. HP: 39/40 MP: 3/3
  2722 | D:4      | Reached XP level 5. HP: 43/47 MP: 4/4
  2810 | D:4      | Noticed a slave
  2826 | D:4      | Killed a slave
  2849 | D:4      | Noticed a slave
  2872 | D:4      | Killed a slave
  3182 | D:4      | Found Urcheen's Gadget Shoppe.
  3227 | D:4      | Reached skill level 5 in Maces & Flails
  3388 | D:4      | Found Piahang's Distillery.
  3391 | D:4      | Noticed Pikel
  3396 | D:4      | Noticed a slave
  3398 | D:4      | Noticed a slave
  3408 | D:4      | Killed Pikel
  3408 | D:4      | Reached skill level 5 in Fighting
  3408 | D:4      | Reached skill level 7 in Maces & Flails
  3408 | D:4      | Reached skill level 5 in Armour
  3408 | D:4      | Reached XP level 6. HP: 18/57 MP: 5/5
  3408 | D:4      | Reached XP level 7. HP: 19/62 MP: 6/6
  3769 | D:4      | Found a radiant altar of Vehumet.
  3770 | D:4      | Found an ancient bone altar of Kikubaaqudgha.
  3770 | D:4      | Found a white marble altar of Elyvilon.
  3770 | D:4      | Found a stormy altar of Qazlal.
  3775 | D:4      | Found a hazy altar of Hepliaklqana.
  3879 | D:4      | Found Sifriog's Armour Boutique.
  4122 | D:5      | Entered Level 5 of the Dungeon
  4479 | D:5      | Reached skill level 8 in Maces & Flails
  4560 | D:5      | Noticed Eustachio
  4580 | D:5      | Killed Eustachio
  4580 | D:5      | Reached XP level 8. HP: 69/71 MP: 7/7
  4859 | D:5      | Found a white marble altar of Elyvilon.
  5185 | D:5      | Found a basalt altar of Yredelemnul.
  5246 | D:5      | Found a deep blue altar of Sif Muna.
  5299 | D:5      | Became a worshipper of Yredelemnul the Dark
  5674 | D:6      | Reached skill level 9 in Maces & Flails
  5987 | D:6      | Reached skill level 1 in Invocations
  6447 | D:6      | Found a staircase to the Ecumenical Temple.
  6456 | Temple   | Entered the Ecumenical Temple
  7341 | D:7      | Found a burning altar of Makhleb.
  7371 | D:7      | Noticed Duvessa
  7372 | D:7      | Noticed Dowan
  7387 | D:7      | Killed Duvessa
  7387 | D:7      | Reached skill level 10 in Maces & Flails
  7387 | D:7      | Reached XP level 9. HP: 79/80 MP: 9/9
  7391 | D:7      | Killed Dowan
  7570 | D:7      | Reached * piety under Yredelemnul
  8097 | D:7      | Reached skill level 11 in Maces & Flails
  8413 | D:7      | Found a sacrificial altar of Ru.
  8618 | D:8      | Noticed a two-headed ogre
  8628 | D:8      | Killed a two-headed ogre
  8628 | D:8      | Reached skill level 12 in Maces & Flails
  8628 | D:8      | Reached XP level 10. HP: 53/91 MP: 12/12
  9149 | D:8      | Reached ** piety under Yredelemnul
  9377 | D:8      | Found a snail-covered altar of Cheibriados.
 10140 | D:9      | Noticed a two-headed ogre
 10151 | D:8      | Killed a two-headed ogre
 10156 | D:8      | Reached skill level 10 in Fighting
 10156 | D:8      | Reached skill level 13 in Maces & Flails
 10247 | D:8      | Killed from afar by an efreet

Vault maps used:
D:1:      arrival_aquarium_b
D:2:      grunt_dithmenos_smoke_and_mirrors
D:3:      bh_walls_and_bars
D:4:      minitemple, serial_shops, shop, shop, nicolae_shop_behind_doors,
          uniq_pikel
D:5:      lemuel_zombie_altar_yredelemnul, overflow_temple_1_default,
          first_ration, hangedman_abyss_or_decor_lesser_grid,
          minmay_misc_feat_chi, minmay_misc_feat_columns, elyvilon_altar_3,
          uniq_eustachio
D:6:      lemuel_temple_firewalk_a
D:7:      kennysheep_little_box, nicolae_ru_path_of_blood, uniq_duvessa
D:8:      cheibrodos_worm_habitat
D:9:      minmay_flawed_box
Temple:   minmay_temple_curvy_loop

Skill      XL: |  1  2  3  4  5  6  7  8  9 10 |
---------------+-------------------------------+-----
Maces & Flails | 3 4 7 8 10 12 13 | 13.0
Armour         | 4 5 6 7 8 |  8.3
Fighting       | 4 5 6 7 9 10 | 10.0
Invocations    | 2 4 |  4.5
Shields        | |  3.6

Action                   |  1- 3 |  4- 6 |  7- 9 | 10-12 || total
-------------------------+-------+-------+-------+-------++-------
Melee: Flail             |   138 |   121 |   322 |   121 ||   702
       Headbutt          |    16 |    14 |    83 |    38 ||   151
       Whip              |       |       |       |    33 ||    33
 Fire: Blowgun           |       |     6 |    13 |       ||    19
Invok: Animate Remains   |       |       |     2 |     6 ||     8
       Recall Undead Sla |       |       |       |     1 ||     1
  Use: Scroll            |       |     3 |     8 |     2 ||    13
       Potion            |       |     1 |     7 |     2 ||    10
  Eat: Chunk             |     2 |     4 |     9 |     2 ||    17
       Ration            |       |     1 |     2 |     2 ||     5
Armor: Scale mail        |    87 |    29 |    92 |       ||   208
       Storm dragon scal |       |       |    10 |    81 ||    91
Dodge: Dodged            |    47 |    23 |    79 |    43 ||   192
Block: Shield            |    85 |    53 |   146 |    90 ||   374

Table legend:
 A = Spawn XP
 B = Non-spawn XP
 C = Spawn XP percentage of total XP
 D = Spawn monster count
 E = Non-spawn monster count
 F = Spawn count percentage of total count
 G = Total turns spent on level
                    A         B        C        D         E        F      G
               +---------+---------+-------+---------+---------+-------+---------
         Total |       0 |    7833 |   0.0 |       0 |     209 |   0.0 | 10247
               +---------+---------+-------+---------+---------+-------+---------
           D:1 |       0 |      50 |   0.0 |       0 |      32 |   0.0 |   901
           D:2 |       0 |      54 |   0.0 |       0 |      21 |   0.0 |   591
           D:3 |       0 |      59 |   0.0 |       0 |      22 |   0.0 |  1499
           D:4 |       0 |     782 |   0.0 |       0 |      12 |   0.0 |  1219
           D:5 |       0 |     859 |   0.0 |       0 |      20 |   0.0 |  1526
           D:6 |       0 |     606 |   0.0 |       0 |      18 |   0.0 |  1104
           D:7 |       0 |    2010 |   0.0 |       0 |      32 |   0.0 |  1601
           D:8 |       0 |    3413 |   0.0 |       0 |      52 |   0.0 |  1577
               +---------+---------+-------+---------+---------+-------+---------
